 Dungeon Crawl Stone Soup version 0.29.1-15-g9cfb28693d (webtiles) character file.

Game seed: 12689737321245943861

13 booth the Ducker (level 2, -4/22 HPs)
             Began as a Demonspawn Gladiator on Mar 11, 2023.
             Slain by a gnoll
             ... wielding a +0 whip of venom
              (9 damage)
             ... on level 1 of the Dungeon.
             The game lasted 00:01:59 (454 turns).

booth the Ducker (Demonspawn Gladiator)              Turns: 454, Time: 00:02:00

Health: -4/22      AC:  4    Str: 14    XL:     2   Next: 24%
Magic:  2/2        EV: 12    Int:  9    God:
Gold:   45         SH:  0    Dex: 14    Spells: 1/1 levels left

rFire   . . .      SeeInvis .   a - +0 war axe
rCold   . . .      Faith    .   (no shield)
rNeg    . . .      Spirit   .   b - +0 leather armour
rPois   .          Reflect  .   c - +0 helmet
rElec   .          Harm     .   (no cloak)
rCorr   .          Rampage  .   (no gloves)
Will    .....                   (no boots)
Stlth   +.........              (no amulet)
HPRegen 0.07/turn               (no ring)
MPRegen 0.08/turn               (no ring)

@: lethally poisoned (-4 -> -11)
A: claws 1
a: no special abilities


You were on level 1 of the Dungeon.
You visited 1 branch of the dungeon, and saw 1 of its levels.

You collected 45 gold pieces.

Inventory:

Hand Weapons
 a - a +0 war axe (weapon)
Missiles
 d - 3 throwing nets (quivered)
 e - a javelin
 j - 4 atropa-tipped darts
Armour
 b - a +0 leather armour (worn)
 c - a +0 helmet (worn)
 f - a +0 ring mail of willpower
Scrolls
 h - 3 scrolls of fear {unknown}
Potions
 g - a potion of curing {unknown}
 i - a potion of berserk rage {unknown}


   Skills:
 + Level 2.2 Fighting
 + Level 2.8 Axes
 + Level 2.0 Throwing
 + Level 2.8 Dodging


You had one spell level left.
You didn't know any spells.
Your spell library was empty.

Dungeon Overview and Level Annotations

Branches:
Dungeon (1/15)

Altars:


Innate Abilities, Weirdness & Mutations

You have sharp fingernails.


Message History

You hit the hobgoblin.
The hobgoblin is almost dead.
The hobgoblin hits you. The hobgoblin barely misses you.
You hit the hobgoblin but do no damage.
The hobgoblin is almost dead.
The hobgoblin closely misses you.
You hit the hobgoblin.
You kill the hobgoblin!
There is an open door, spattered with blood here.
Things that are here:
a +0 dagger; a hobgoblin corpse; a goblin corpse
Found 7 stones.
There is a stone staircase leading down here.
You start resting.
HP restored.
Found 6 stones.
A gnoll, a goblin and a frilled lizard come into view.
The gnoll is wielding a +0 whip of venom.
The gnoll shouts!
The goblin shouts!
A goblin comes into view. It is wielding a +0 club.
The gnoll hits you with a +0 whip of venom!
You are lethally poisoned!
The goblin shouts!
You hit the gnoll.
The gnoll is moderately wounded.
You feel very sick. The gnoll closely misses you.
You hit the gnoll.
The gnoll is heavily wounded.
* * * LOW HITPOINT WARNING * * *
You feel very sick. The gnoll barely misses you.
You hit the gnoll.
The gnoll is heavily wounded.
You barely miss the frilled lizard.
* * * LOW HITPOINT WARNING * * *
You feel sick.
The frilled lizard bites you but does no damage.
The gnoll hits you with a +0 whip of venom!
You die...

###### #....# #....#
#....# . #....# #..
#..(.##gg.. #.gl....#
###@.# ##...####
#.......# #.......#
###########.(.....#
#.....##............
#.....#..#########...
#...>........... ....
#............### ...


You could see a gnoll, 2 goblins and a frilled lizard.

Vanquished Creatures
  3 goblins (D:1)
  A hobgoblin (D:1)
  A quokka (D:1)
  3 ball pythons (D:1)
  2 bats (D:1)
  A frilled lizard (D:1)
11 creatures vanquished.

Notes
Turn   | Place    | Note
-------+----------+-------------------------------------------
     0 | D:1      | booth the Demonspawn Gladiator began the quest for the Orb.
     0 | D:1      | Reached XP level 1. HP: 16/16 MP: 1/1
   390 | D:1      | Discovered your monstrous ancestry.
   390 | D:1      | Gained mutation: You have sharp fingernails. [demonic
                  | ancestry]
   390 | D:1      | Reached XP level 2. HP: 19/22 MP: 2/2
   454 | D:1      | Slain by a gnoll

Illustrated notes

Levels and vault maps discovered:
D:1:      scummos_arrival_simple_fountains, layout_basic

Skill      XL: |  1 |
---------------+----+-----
Throwing       | 2 |  2.0
Fighting       | |  2.2
Axes           | |  2.8
Dodging        | |  2.8

Action                   || total
-------------------------++-------
Melee: War axe           ||    40
Armor: Leather armour    ||    21
Dodge: Dodged            ||    27
